 Dungeon Crawl Stone Soup version 0.30-a0-696-g2367cd04db (webtiles) character file.

Game seed: 3797292083930201530

659325 wormed the Englaciator (level 26, -17/196 HPs)
             Began as a Demonspawn Summoner on Jan 20, 2023.
             Was the Champion of Vehumet.
             Killed from afar by an orb of fire (21 damage)
             ... with a bolt of fire
             ... on level 5 of the Realm of Zot.
             The game lasted 03:26:33 (82187 turns).

wormed the Englaciator (Demonspawn Summoner)       Turns: 82187, Time: 03:26:33

Health: -17/196    AC: 26    Str:  8    XL:     26   Next: 99%
Magic:  0/44       EV: 21    Int: 36    God:    Vehumet [******]
Gold:   2873       SH:  8    Dex: 15    Spells: 3/49 levels left

rFire   + . .      SeeInvis .    O - staff of cold
rCold   + . .      Faith    .    Z - +3 buckler {AC+3}
rNeg    . . .      Spirit   +    i - +4 moon troll leather armour {Spirit, Regen++ MP+5}
rPois   .          Reflect  .    U - +2 hat {Int+3}
rElec   +          Harm     .    (cloak unavailable)
rCorr   +          Rampage  .    V - +1 pair of gloves "Riowkanta" {Int+4 Stlth+}
Will    ++...      Clarity  +    u - +2 pair of slick slippers {slick, slippery, EV+5}
Stlth   +++                      P - amulet of magic regeneration
HPRegen 2.12/turn                c - ring of Untruth {rElec rCorr}
MPRegen 0.69/turn                t - ring "Coor" {rF+ AC+4 Int+3}

@: on vortex cooldown, studying Stealth, unable to read
A: rugged brown scales 3, ignite blood 3, spiny 3, black mark, bedeviling, aura
of silence, weakness stinger 3, antennae 1, clarity, strong-willed 1, sense
surroundings 1, weak 1, evolution 1, inability to read after injury 1
}: 5/15 runes: barnacled, slimy, silver, abyssal, gossamer
a: Renounce Religion


You were on level 5 of the Realm of Zot.
You worshipped Vehumet.
Vehumet was exalted by your worship.
You visited 12 branches of the dungeon, and saw 56 of its levels.
You visited the Abyss 1 time.
You also visited: Ice Cave and Wizlab.

You collected 7096 gold pieces.
You spent 4223 gold pieces at shops.

Inventory:

Armour
 i - the +4 moon troll leather armour (worn) {Spirit, Regen++ MP+5}
   (You took it off a moon troll in a wizard's laboratory)

   MP:        It affects your magic capacity (+5).
   Regen:     It increases your rate of health regeneration.
 u - the +2 pair of slick slippers (worn) {slick, slippery, EV+5}
   (You acquired it on level 3 of the Elven Halls)

   Slick:     Its wearer cannot be constricted, engulfed, netted or webbed.
   Slippery:  It slips away from damaging melee attacks, pulling the attacker
   onward.
   EV:        It affects your evasion (+5).
 y - the +0 helmet "Gautteash" {rN+ Will+}
   (You bought it in a shop on level 4 of the Vaults)

   rN:        It protects you from negative energy.
   Will:      It increases your willpower.
 U - a +2 hat of intelligence (worn)
 V - the +1 pair of gloves "Riowkanta" (worn) {Int+4 Stlth+}
   (You found it on level 3 of the Spider Nest)

   Int:       It affects your intelligence (+4).
   Stlth:     It makes you more stealthy.
 Z - a +3 buckler of protection (worn)
Magical Staves
 O - a staff of cold (weapon)
Jewellery
 a - a ring of flight
 b - the ring "Puoneubbo" {Fire rElec Will+ Stlth+}
   (You bought it in a shop on level 3 of the Depths)

   [ring of fire]

   It enhances your fire magic.
   rF:        It protects you from fire.
   rC:        It makes you vulnerable to cold.
   rElec:     It insulates you from electricity.
   Will:      It increases your willpower.
   Stlth:     It makes you more stealthy.
 c - the ring of Untruth (left hand) {rElec rCorr}
   (You found it on level 5 of the Pits of Slime)

   [ring of resist corrosion]

   rElec:     It insulates you from electricity.
   rCorr:     It protects you from acid and corrosion.
 f - the ring of Rila {Will- rCorr Str+6 Int+6 Slay+5}
   (You found it in a wizard's laboratory)

   [ring of strength]

   Str:       It affects your strength (+6).
   Int:       It affects your intelligence (+6).
   Slay:      It affects your accuracy & damage with ranged weapons and melee
   (+5).
   rCorr:     It protects you from acid and corrosion.
   Will:      It decreases your willpower.
 t - the ring "Coor" (right hand) {rF+ AC+4 Int+3}
   (You bought it in a shop on level 13 of the Dungeon)

   [ring of protection]

   AC:        It affects your AC (+4).
   Int:       It affects your intelligence (+3).
   rF:        It protects you from fire.
 C - an amulet of guardian spirit
 D - a +6 ring of intelligence
 G - the ring "Zowodocia" {Ice Drain rElec MP+9}
   (You found it on level 5 of the Vaults)

   [ring of ice]

   It enhances your ice magic.
   rF:        It makes you vulnerable to fire.
   rC:        It protects you from cold.
   rElec:     It insulates you from electricity.
   MP:        It affects your magic capacity (+9).
   Drain:     It drains your maximum health when unequipped.
 H - a ring of see invisible
 P - an amulet of magic regeneration (around neck)
 T - a ring of positive energy
Wands
 j - a wand of iceblast (52)
 m - a wand of flame (147)
 I - a wand of quicksilver (34)
 L - a wand of paralysis (55)
 N - a wand of digging (11)
 W - a wand of polymorph (15)
Scrolls
 g - 6 scrolls of brand weapon
 h - 18 scrolls of teleportation
 k - 7 scrolls of enchant weapon
 l - 9 scrolls of immolation
 q - a scroll of blinking
 r - 5 scrolls of magic mapping
 w - 8 scrolls of fog
 x - 12 scrolls of vulnerability
 F - 4 scrolls of silence
 K - 5 scrolls of torment
 M - 6 scrolls of fear
 S - 11 scrolls of amnesia
 X - 2 scrolls of enchant armour
 Y - 4 scrolls of summoning
Potions
 d - 16 potions of brilliance
 e - 25 potions of curing
 n - 12 potions of haste
 o - 13 potions of mutation
 p - a potion of cancellation
 s - a potion of invisibility
 v - 12 potions of ambrosia
 z - 2 potions of magic
 A - 4 potions of berserk rage
 B - 8 potions of flight
 E - 8 potions of might
 J - 8 potions of lignification
 Q - 9 potions of attraction
 R - a potion of resistance


   Skills:
 - Level 10.0 Fighting
 - Level 12.0 Staves
 - Level 10.0 Armour
 - Level 10.0 Dodging
 - Level 1.7 Stealth
 - Level 5.0 Shields
 - Level 12.0 Spellcasting
 - Level 10.0 Conjurations
 - Level 5.0 Hexes
 - Level 16.0 Summonings
 + Level 23.4 Necromancy
 O Level 27 Ice Magic
 - Level 10.0 Air Magic
 - Level 12.0 Evocations


You had 3 spell levels left.
You knew the following spells:

 Your Spells              Type           Power      Damage    Failure   Level
a - Freezing Cloud        Conj/Ice/Air   58%        6-21      1%          5
b - Ozocubu's Refrigerat  Ice            72%        4d23      1%          7
c - Polar Vortex          Ice            72%        N/A       1%          9
d - Infestation           Necr           56%        N/A       1%          8
g - Summon Cactus Giant   Summ           47%        N/A       1%          6
k - Blink                 Tloc           42%        N/A       4%          2
s - Summon Lightning Spi  Summ/Air       86%        N/A       1%          4
v - Summon Mana Viper     Hex/Summ       98%        N/A       1%          5

Your spell library contained the following spells:

 Spells                   Type           Power      Damage    Failure   Level
 Maxwell's Capacitive Co  Air            38%        ∞         63%         8
 Freeze                   Ice            100%       1d10      0%          1
 Necrotise                Necr           100%       1d9       0%          1
 Summon Small Mammal      Summ           100%       N/A       0%          1
 Call Imp                 Summ           95%        N/A       0%          2
 Ensorcelled Hibernation  Hex/Ice        100%       N/A       0%          2
 Sublimation of Blood     Necr           100%       N/A       0%          2
 Call Canine Familiar     Summ           95%        N/A       0%          3
 Frozen Ramparts          Ice            100%       1d16      0%          3
 Hailstorm                Conj/Ice       100%       3d20      0%          3
 Ozocubu's Armour         Ice            100%       N/A       0%          3
 Vampiric Draining        Necr           100%       2d13      0%          3
 Magic Dart               Conj           100%       1d8       1%          1
 Sandblast                Erth           42%        2d11      1%          1
 Cigotuvi's Dreadful Rot  Necr/Pois/Air  100%       N/A       1%          2
 Momentum Strike          Conj/Tloc      100%       3d10      1%          2
 Poisonous Vapours        Pois/Air       100%       N/A       1%          2
 Scorch                   Fire           42%        2d7       1%          2
 Dazzling Flash           Conj/Hex       100%       N/A       1%          3
 Inner Flame              Hex/Fire       56%        N/A       1%          3
 Mephitic Cloud           Conj/Pois/Air  62%        N/A       1%          3
 Stone Arrow              Conj/Erth      100%       3d13      1%          3
 Summon Guardian Golem    Hex/Summ       98%        N/A       1%          3
 Swiftness                Air            76%        N/A       1%          3
 Tukima's Dance           Hex            72%        N/A       1%          3
 Ignite Poison            Fire/Tmut/Pois 21%        N/A       2%          3
 Apportation              Tloc           42%        N/A       3%          1
 Beastly Appendage        Tmut           42%        N/A       3%          1
 Sting                    Tmut/Pois      84%        1d7       3%          1
 Portal Projectile        Hex/Tloc       100%       N/A       3%          3
 Lesser Beckoning         Tloc           42%        N/A       4%          2
 Passwall                 Tmut/Erth      17%        N/A       4%          2
 Wereblood                Tmut           21%        N/A       4%          2
 Gell's Gravitas          Tloc           21%        N/A       10%         3
 Spider Form              Tmut/Pois      21%        N/A       10%         3
 Teleport Other           Tloc           21%        N/A       10%         3
 Animate Dead             Necr           100%       N/A       0%          4
 Summon Ice Beast         Ice/Summ       100%       N/A       0%          4
 Agony                    Necr           100%       N/A       0%          5
 Simulacrum               Ice/Necr       70%        N/A       0%          6
 Anguish                  Hex/Necr       55%        N/A       1%          4
 Animate Armour           Summ/Erth      100%       N/A       1%          4
 Flame Wave               Conj/Fire      55%        2d13      1%          4
 Ice Form                 Ice/Tmut       100%       N/A       1%          4
 Iskenderun's Mystic Bla  Conj/Tloc      55%        2d12      1%          4
 Sticky Flame             Conj/Fire      55%        2d7       1%          4
 Borgnjor's Vile Clutch   Necr/Erth      41%        N/A       1%          5
 Iskenderun's Battlesphe  Conj           76%        2d12      1%          5
 Metabolic Englaciation   Hex/Ice        70%        N/A       1%          5
 Death Channel            Necr           56%        N/A       1%          6
 Haunt                    Necr/Summ      52%        N/A       1%          7
 Irradiate                Conj/Tmut      27%        3d20      3%          5
 Monstrous Menagerie      Summ           47%        N/A       3%          7
 Spellforged Servitor     Conj/Summ      43%        N/A       3%          7
 Olgreb's Toxic Radiance  Pois           21%        N/A       9%          4
 Yara's Violent Unravell  Hex/Tmut       28%        3d12      9%          5
 Leda's Liquefaction      Hex/Erth       28%        N/A       12%         4
 Iron Shot                Conj/Erth      27%        9d6       17%         6
 Starburst                Conj/Fire      27%        6d9       17%         6
 Lee's Rapid Deconstruct  Erth           10%        3d8*      22%         5
 Manifold Assault         Tloc           21%        N/A       32%         4
 Petrify                  Tmut/Erth      21%        N/A       32%         4
 Alistair's Intoxication  Tmut/Pois      14%        N/A       65%         5
 Blade Hands              Tmut           10%        N/A       65%         5
 Eringya's Noxious Bog    Tmut/Pois      10%        N/A       73%         6
 Enfeeble                 Hex            36%        N/A       98%         7
 Storm Form               Tmut/Air       27%        N/A       98%         7
 Dispersal                Tloc           10%        N/A       99%         6
 Statue Form              Tmut/Erth      14%        N/A       99%         6
 Lehudib's Crystal Spear  Conj/Erth      27%        10d7      99%         8
 Dragon's Call            Summ           47%        N/A       99%         9
 Ignition                 Fire           10%        3d5       100%        8
 Shatter                  Erth           10%        3d12*     100%        9


Dungeon Overview and Level Annotations

Branches:
Dungeon (15/15)            Temple (1/1) D:5            Lair (5/5) D:11
 Shoals (4/4) Lair:2       Spider (4/4) Lair:2        Slime (5/5) Lair:5
    Orc (2/2) D:10            Elf (3/3) Orc:2        Vaults (5/5) D:13
  Crypt (3/3) Vaults:2       Tomb (0/3) Crypt:3      Depths (4/4) D:15
    Zot (5/5) Depths:4      IceCv (visited)          WizLab (visited)

Altars:
Ashenzari
Cheibriados
Fedhas
Gozag
Kikubaaqudgha
Makhleb
Nemelex Xobeh
Okawaru
Qazlal
Ru
Sif Muna
Trog
Uskayaw
Vehumet
Wu Jian
Xom
Yredelemnul
Jiyva

Shops:
D:13 **   Orc:1 *   Orc:2 (=[?   Elf:1 *   Elf:2 *   Elf:3 ?[(   Shoals:2 [
Shoals:4 *   Vaults:1 [   Vaults:4 [   Depths:1 [*   Depths:3 ==:

Portals:
Hell: Depths:1 Depths:2 Depths:3 Depths:4
Abyss: Depths:2 Depths:3
Pandemonium: Depths:2
Ziggurat: Depths:1


Innate Abilities, Weirdness & Mutations

You are completely covered in rugged brown scales. (AC +3, +7% HP)
Your demonic aura causes all spilled blood to erupt in flames.
You are completely covered in sharp spines.
Your melee attacks may debilitate your foes.
Your hexes are more powerful.
You are surrounded by an aura of silence.
You have a sharp stinger which inflicts weakening toxins.
You have a pair of small antennae on your head.
You possess an exceptional clarity of mind.
You are strong-willed. (Will+)
You passively map a small area around you.
You are weak. (Str -2)
You have hidden genetic potential.
You occasionally lose the ability to read scrolls when taking damage.


Message History

The white draconian roars!
The orb of fire glows bright magenta.
The bolt of fire hits you!! You resist.
* * * LOW HITPOINT WARNING * * *
The purple draconian breathes dispelling energy at you.
The bolt of dispelling energy hits you!
Your magical effects are unravelling.
* * * LOW HITPOINT WARNING * * *
A purple draconian comes into view. It is wielding a +0 mace.
The orb of fire glows red.
The bolt of fire misses you.
You feel less invigorated.
You kill the Killer Klown!
Vehumet accepts your kill.
You feel your power returning.
You float gracefully downwards.
You feel less confused.
Your resistance to elements expires.
The world stops spinning.
The orb of fire emits a lurid red light.
The bolt of fire misses you.
The orb of fire glows red.
The bolt of fire misses the orb of fire.
The bolt of fire hits you!! You resist.
* * * LOW HITPOINT WARNING * * *
The orb of fire glows deep purple.
The fireball explodes!
The fireball engulfs you!! You resist.
* * * LOW HITPOINT WARNING * * *
The fireball engulfs the orb of fire.
The orb of fire completely resists.
Unknown command.
A Killer Klown comes into view. It is wielding a +10 antimagic club.
You kill the purple draconian!
Vehumet accepts your kill.
You feel your power returning.
You destroy the orb of fire!
Vehumet accepts your kill.
You feel your power returning.
The winds around you start to calm down.
The Killer Klown blinks!
The orb of fire glows bright magenta.
The bolt of fire hits you!! You resist.
You die...

.................
...##.......#### , *
########....### * ,
#...§§.# *** , , ,
##.§§§§# , #§§§§§### ,,
***##§§§§§§§##########
,,,,...§§§§§§§§§§§§§....
, ...§§§§§§§@§§§§§.... ,
....§§§§§§§§§§§§§.... ,
, ....§§§§§*§§§§§§#####
, * ###§§d######§§§# ,
...§. #§§§# .#...* ##§##
, d.. ####.#
.....####..X.# ,
....d*...X..#


You could see an orb of fire and a white draconian.

Vanquished Creatures
  Dissolution (Slime:5)
  the Royal Jelly (Slime:5)
  Tiamat (Zot:2)
  2 ancient liches (Vaults:5)
  An orb of fire (Zot:5)
  Mara (Shoals:3)
  Josephina (Depths:3)
  Frederick (Crypt:1)
  Vv (Depths:3)
  A Killer Klown (Zot:5)
  Saint Roka (Elf:3)
  Margery (Vaults:5)
  Xtahua (Vaults:3)
  4 caustic shrikes (Depths:4)
  2 curse toes
  The ghost of Marixus the Executioner, an adept HOFi of Beogh (Vaults:3)
  the Enchantress (Depths:3)
  5 golden dragons
  Nikola (Vaults:1)
  4 bone dragons
  2 doom hounds (Zot:2)
  2 hellephants (Abyss:3)
  A shard shrike skeleton (Crypt:1)
  Grunn (Zot:2)
  16 tentacled monstrosities
  4 liches
  Asterion (Elf:3)
  A moon troll (WizLab)
  2 deep elf blademasters (Elf:3)
  5 titans
  10 Orb Guardians (Zot:5)
  5 quicksilver dragons
  2 ancient champions
  21 acid blobs
  9 tentacled starspawn
  6 death cobs
  4 sphinxes
  A kraken (Shoals:4)
  7 shadow dragons
  14 storm dragons
  3 tengu reavers
  10 rockslimes
  3 draconian knights
  3 daevas (Depths:2)
  8 azure jellies
  4 draconian monks
  8 frost giants
  The ghost of Tolur the Eclecticist, an adept DEFE of Vehumet (D:15)
  3 emperor scorpions
  9 fire giants
  3 deep elf sorcerers
  18 vault wardens
  3 draconian scorchers
  5 ghost moths
  3 orc warlords
  2 curse skulls (Crypt:2)
  An angel (Depths:2)
  4 war gargoyles
  3 draconian annihilators (Zot:2)
  9 draconian stormcallers
  5 spriggan defenders (Depths:3)
  14 quicksilver oozes
  2 cacodemons (WizLab)
  6 draconian shifters
  A reaper (Zot:2)
  13 ghouls
  The ghost of Gifaivo the Spry, a journeyman DECj of Sif Muna (Spider:3)
  5 deep elf elementalists (Elf:3)
  6 vampire knights
  6 ironbound thunderhulks
  21 very ugly things
  19 stone giants
  24 ironbound preservers
  5 green draconians
  7 black draconians
  A deep elf demonologist (Vaults:5)
  Nessos (Orc:2)
  13 deep elf annihilators
  11 purple draconians
  7 yellow draconians
  3 starcursed masses (WizLab)
  14 dire elephants
  2 spark wasps
  8 white draconians
  11 red draconians
  The ghost of sokol815 the Cleaver, a journeyman OpEE of Gozag (Orc:2)
  2 eidola (Crypt:1)
  11 deep elf death magi
  11 ettins
  15 jiangshi
  A fire dragon (Depths:1)
  4 merfolk javelineers
  6 merfolk impalers
  7 entropy weavers
  2 crystal guardians (Vaults:4)
  13 great orbs of eyes
  14 yaktaur captains
  3 hydras
  6 ice dragons
  A rakshasa (D:15)
  6 deep elf high priests
  2 peacekeepers (Vaults:4)
  7 spriggan air magi
  34 vault guards
  2 boulder beetles
  15 centaur warriors
  5 merfolk avatars
  12 ironbound frosthearts
  An ogre mage (Vaults:5)
  6 two-headed ogres
  2 radroaches (Spider:4)
  4 death knights
  27 dancing weapons
  4 merfolk aquamancers
  An alligator snapping turtle (Shoals:2)
  A satyr (Shoals:3)
  8 vampire magi
  A hell hog (Depths:4)
  3 orc high priests
  2 tengu warriors (Depths:2)
  3 deep troll shamans
  A deep troll earth mage (Depths:3)
  A thrashing horror (Abyss:2)
  8 spriggan berserkers
  A soul eater (Depths:4)
  19 deep elf knights
  2 sun demons
  2 wretched stars (Abyss:3)
  6 hell knights
  A fire crab (shapeshifter) (D:14)
  4 pharaoh ants
  2 shadow wraiths (Crypt:2)
  3 sun moths
  13 sea snakes
  65 deep trolls
  8 orb spiders
  28 skeletal warriors
  4 iron trolls
  A spatial maelstrom (Abyss:3)
  5 cherubim (Depths:2)
  An orange crystal statue (WizLab)
  2 flayed ghosts (Crypt:2)
  14 glowing orange brains
  3 bog bodies (Crypt:2)
  A shadow dragon zombie (Crypt:1)
  7 wizards
  4 steelbarb worms
  7 orc knights
  5 lindwurms
  3 necromancers
  11 deep elf archers
  20 ironbound convokers
  30 deep elf zephyrmancers
  10 phantasmal warriors
  34 deep elf pyromancers
  42 harpies
  3 oklob plants (Lair:5)
  27 wolf spiders
  3 fauns (Shoals:1)
  A wolf spider (shapeshifter) (Vaults:5)
  48 ugly things
  19 moths of wrath
  A salamander (shapeshifter) (D:15)
  An iron dragon zombie (Crypt:1)
  3 orc sorcerers
  A will-o-the-wisp (Abyss:3)
  16 manticores
  8 shining eyes
  A fire giant skeleton (Crypt:1)
  2 worldbinders
  3 water nymphs
  An apocalypse crab (Abyss:3)
  5 cyclopes
  22 vault sentinels
  A guardian serpent (shapeshifter) (Vaults:5)
  3 elephants (Abyss:3)
  2 torpor snails (shapeshifter) (Vaults:5)
  9 merfolk sirens
  A smoke demon (Abyss:3)
  11 eyes of devastation
  3 torpor snails
  A water nymph (shapeshifter) (Vaults:5)
  8 demonic crawlers
  2 cane toads (Lair:3)
  3 unseen horrors
  A hellion (Depths:4)
  A death yak zombie (Crypt:1)
  2 efreet
  A spark wasp simulacrum (Depths:3)
  2 freezing wraiths (Crypt:1)
  7 rime drakes
  56 yaktaurs
  A tormentor (Zot:2)
  A komodo dragon (Lair:4)
  A red devil (Depths:2)
  A tengu conjurer (Depths:1)
  A human zombie (Vaults:4)
  A troll (shapeshifter) (Vaults:5)
  A harpy zombie (Crypt:1)
  45 merfolk
  A polar bear (IceCv)
  5 hornets
  2 hellwings (Abyss:3)
  A meliai (shapeshifter) (Vaults:5)
  6 wind drakes
  3 meliai
  A troll (Orc:1)
  A wolf spider simulacrum (Spider:4)
  6 blink frogs
  A tyrant leech (shapeshifter) (Vaults:5)
  A death drake zombie (Crypt:2)
  2 raiju (Abyss:3)
  21 tarantellas
  11 snapping turtles
  Grinder (D:3)
  A harpy skeleton (Crypt:1)
  5 dream sheep
  An ettin zombie (Crypt:2)
  105 slime creatures
  10 flying skulls
  23 jumping spiders
  3 air elementals
  8 spriggans
  15 culicivoras
  10 water elementals
  9 golden eyes
  3 wraiths (Crypt:1)
  4 yaks
  2 basilisks (D:14)
  8 wyverns
  6 fire elementals
  6 neqoxecs
  A redback (shapeshifter) (Vaults:5)
  9 vampire mosquitoes
  56 redbacks
  A chaos spawn (Abyss:1)
  A human simulacrum (Vaults:4)
  A steam dragon (D:8)
  A large abomination (Abyss:3)
  A swamp worm (shapeshifter) (Depths:4)
  3 acid dragons
  4 spatial vortices (Abyss:3)
  4 water moccasins
  10 hell hounds
  A swamp drake (Orc:2)
  An ice beast (D:7)
  A hornet zombie (Crypt:2)
  2 black bears
  A dream sheep zombie (Crypt:1)
  20 orc warriors
  5 centaurs
  A tengu (shapeshifter) (D:15)
  An ogre (Orc:1)
  A hog zombie (Crypt:3)
  A wolf (Lair:1)
  3 boggarts (Vaults:1)
  3 bullfrogs
  6 necrophages
  A salamander skeleton (Crypt:2)
  5 earth elementals
  3 scorpions
  A glowing shapeshifter simulacrum (Depths:3)
  2 killer bees
  2 nameless horrors
  2 howler monkeys
  3 electric eels
  A crimson imp (Orc:2)
  2 small abominations
  18 orc priests
  3 jellies
  A black bear skeleton (Crypt:2)
  20 orc wizards
  2 iguanas
  2 hell rats (D:14)
  An acid dragon skeleton (Crypt:2)
  5 adders
  A white imp (D:8)
  An ufetubus (D:4)
  A dart slug (D:4)
  34 orcs
  5 ball pythons
  12 bats
  A bat zombie (Crypt:2)
  2 endoplasms
  5 goblins
  2 hobgoblins
  2 jackals (D:1)
  A quokka (D:4)
  A hobgoblin skeleton (Crypt:2)
  7 kobolds
  2 rats (D:2)
  3 ball lightnings (D:15)
  3 fungi (Elf:2)
  11 starspawn tentacles (WizLab)
  4 tentacles (Shoals:4)
1990 creatures vanquished.

Vanquished Creatures (collateral kills)
  Rupert (Lair:5)
  The ghost of mandoloar the Severer, an adept MiFi of Okawaru (Spider:3)
  A fire giant (Depths:3)
  4 frost giants
  4 ghost moths
  An emperor scorpion (Spider:4)
  A vault warden (Vaults:2)
  A draconian stormcaller (Depths:4)
  2 very ugly things
  A broodmother (Spider:2)
  Azrael (D:12)
  A lorocyproca (Depths:2)
  A white draconian (IceCv)
  A spark wasp (Spider:3)
  An ettin (Depths:3)
  A dire elephant (Vaults:2)
  A fire dragon (Depths:3)
  A crystal guardian (WizLab)
  Fannar (Lair:2)
  3 entropy weavers
  An ogre mage (D:13)
  3 hydras
  8 ice dragons
  6 ironbound frosthearts
  A merfolk aquamancer (Shoals:4)
  4 boulder beetles
  3 two-headed ogres
  2 centaur warriors
  A deep troll shaman (Depths:3)
  Urug (Lair:5)
  3 death yaks (Lair:2)
  9 skeletal warriors
  A quicksilver dragon simulacrum (Vaults:4)
  An ironbound convoker (Vaults:2)
  An orange crystal statue (IceCv)
  A tengu zombie (Vaults:1)
  2 deep elf pyromancers
  4 spectral wolf spiders (Spider:4)
  A deep elf zephyrmancer (Elf:1)
  2 harpies (Vaults:2)
  4 orc sorcerers
  A steelbarb worm (Spider:4)
  4 wolf spider zombies (Spider:4)
  3 orc knights
  11 ugly things
  10 wolf spiders
  A human zombie (Vaults:1)
  2 manticores (D:14)
  A salamander (Depths:2)
  5 cyclopes
  2 moths of wrath (Spider:4)
  2 rust devils (Depths:2)
  8 demonic crawlers
  A water nymph (shapeshifter) (D:15)
  Maurice (D:12)
  2 ice statues (D:14)
  8 cane toads
  A kobold demonologist (D:13)
  An efreet (D:13)
  4 centaur skeletons (D:13)
  An orange demon (Depths:2)
  3 gargoyles
  A yaktaur (Vaults:1)
  A rime drake (shapeshifter) (D:13)
  2 unseen horrors
  11 rime drakes
  3 ice devils (Depths:2)
  3 freezing wraiths
  6 komodo dragons
  A red devil (Depths:2)
  A queen bee (Lair:1)
  2 trolls
  2 wolf spider simulacra (Spider:4)
  A hellwing (Depths:2)
  A meliai (Spider:2)
  10 polar bears
  9 tarantellas
  12 blink frogs
  A hornet (Depths:4)
  3 slime creatures (D:15)
  3 jumping spiders
  A centaur simulacrum (D:15)
  A culicivora (Spider:2)
  2 water elementals
  9 wyverns
  3 wraiths
  14 yaks
  4 basilisks
  A steam dragon (Lair:2)
  2 human simulacra
  6 vampire mosquitoes
  6 redbacks
  3 wargs
  A hell hound (D:12)
  12 water moccasins
  4 ice beasts
  16 orc warriors
  A black bear (D:6)
  3 ogres
  5 wolves
  2 centaurs
  2 nameless horrors
  4 kobold brigands
  A gnoll sergeant (D:9)
  6 bullfrogs
  A necrophage (D:8)
  5 scorpions
  5 wights
  23 killer bees
  A hound (D:5)
  An iron imp (Orc:2)
  7 orc priests
  3 hell rats (D:14)
  2 iguanas
  12 orc wizards
  Robin (D:4)
  3 gnolls (D:9)
  2 adders (D:6)
  A shadow imp (D:8)
  A white imp (D:6)
  An ufetubus (D:5)
  A worm (Lair:2)
  A dart slug (D:3)
  32 orcs
  4 endoplasms
  3 giant cockroaches
  10 goblins
  4 hobgoblins
  8 kobolds
  A quokka (D:3)
  2 bats
  A frilled lizard (D:1)
  2 rats
480 creatures vanquished.

Vanquished Creatures (others)
  A frost giant (D:15)
  A black draconian (Zot:3)
  A demonspawn (D:1)
  A titan simulacrum (Depths:3)
  A gargoyle (D:1)
  A storm dragon simulacrum (Depths:3)
  A merfolk (D:1)
  A vampire (D:1)
  2 spriggans (D:1)
  A nameless horror (D:13)
  Eustachio (D:4)
  3 yaks (D:8)
  A naga (D:1)
  A water moccasin (D:8)
  A dwarf (D:1)
  A sky beast (D:8)
  An orc warrior (D:10)
  A black bear (D:7)
  A tengu (D:1)
  A felid (D:1)
  A kobold brigand (D:9)
  A bullfrog (D:6)
  A scorpion (D:4)
  4 wights (D:9)
  A killer bee (D:8)
  Crazy Yiuf (D:3)
  An iguana (D:4)
  An orc wizard (Orc:2)
  Ijyb (D:4)
  A gnoll (D:1)
  An adder (D:4)
  A shadow imp (Orc:2)
  A white imp (Orc:2)
  An orc (Orc:2)
  An endoplasm (D:4)
  2 kobolds
  6 demonic plants (WizLab)
  17 fungi
  161 plants
  19 starspawn tentacles
  4 tentacles (D:1)
250 creatures vanquished.

Grand Total: 2720 creatures vanquished

Notes
Turn   | Place    | Note
-------+----------+-------------------------------------------
     0 | D:1      | wormed the Demonspawn Summoner began the quest for the Orb.
     0 | D:1      | Reached XP level 1. HP: 13/13 MP: 3/3
     0 | D:1      | Noticed a naga
     0 | D:1      | Noticed a spriggan
     0 | D:1      | Noticed a vampire
     0 | D:1      | Noticed a kraken
     0 | D:1      | Noticed a merfolk
     0 | D:1      | Noticed a felid
     0 | D:1      | Noticed a spriggan
     0 | D:1      | Noticed a gargoyle
     0 | D:1      | Noticed a tengu
     0 | D:1      | Noticed a demonspawn
     0 | D:1      | Noticed a dwarf
     3 | D:1      | Killed a gargoyle
     4 | D:1      | Killed a spriggan
     4 | D:1      | Killed a tengu
     5 | D:1      | Killed a naga
     8 | D:1      | Killed a merfolk
     8 | D:1      | Killed a vampire
    10 | D:1      | Killed a spriggan
    10 | D:1      | Killed a demonspawn
    10 | D:1      | Killed a dwarf
    11 | D:1      | Killed a felid
   191 | D:1      | Gained mutation: You are partially covered in sharp spines.
                  | [demonic ancestry]
   191 | D:1      | Reached XP level 2. HP: 19/19 MP: 5/5
   441 | D:1      | Reached skill level 1 in Hexes
   980 | D:2      | Identified the +6 mace "Xicvitam" {speed, rCorr Str+2
                  | Dex+2}
   983 | D:2      | Gained mutation: You are partially covered in rugged brown
                  | scales. (AC +1, +3% HP) [demonic ancestry]
   983 | D:2      | Reached XP level 3. HP: 19/24 MP: 2/6
  1596 | D:2      | Identified the +7 plate armour of Calculation {Rampage
                  | rPois Int-2}
  1602 | D:2      | Reached XP level 4. HP: 30/30 MP: 8/8
  1610 | D:2      | Learned a level 3 spell: Call Canine Familiar
  1615 | D:2      | Learned a level 4 spell: Summon Lightning Spire
  2112 | D:3      | Noticed Grinder
  2142 | D:3      | Paralysed by Grinder for 5 turns
  2208 | D:3      | Killed Grinder
  2209 | D:3      | Reached skill level 5 in Summonings
  2209 | D:3      | Reached skill level 1 in Air Magic
  2209 | D:3      | Reached XP level 5. HP: 33/36 MP: 2/10
  2209 | D:3      | Gained mutation: You have a small tail. [demonic ancestry]
  2209 | D:3      | Reached XP level 6. HP: 38/42 MP: 2/11
  2455 | D:3      | Found a basalt altar of Yredelemnul.
  2528 | D:3      | Learned a level 3 spell: Summon Guardian Golem
  2658 | D:3      | Found a runed translucent door.
  2659 | D:3      | Noticed Crazy Yiuf
  2728 | D:3      | Found a faded altar of an unknown god.
  2733 | D:3      | Identified the +2 ring mail "Gucipuh" {Str+3}
  3131 | D:3      | Killed Crazy Yiuf
  3305 | D:4      | Noticed a wyvern
  3320 | D:4      | Killed a wyvern
  3321 | D:4      | Reached XP level 7. HP: 38/47 MP: 7/13
  3325 | D:4      | Learned a level 2 spell: Blink
  3337 | D:3      | Identified a scroll of acquirement
  3337 | D:3      | Acquired wormed's Octavo of the Heavy Entourage
  3456 | D:4      | Noticed Robin
  3468 | D:4      | Killed Robin
  3613 | D:4      | Noticed Eustachio
  3681 | D:4      | Killed Eustachio
  3826 | D:4      | Noticed Ijyb
  3840 | D:4      | Killed Ijyb
  4370 | D:4      | Found a bloodstained altar of Trog.
  4411 | D:5      | Entered Level 5 of the Dungeon
  4865 | D:5      | Reached XP level 8. HP: 45/53 MP: 15/15
  5150 | D:5      | Reached skill level 5 in Spellcasting
  5291 | D:5      | Found a staircase to the Ecumenical Temple.
  5522 | Temple   | Entered the Ecumenical Temple
  5610 | Temple   | Became a worshipper of Vehumet
  6321 | D:6      | Found an iron altar of Okawaru.
  6324 | D:6      | Found a hide-covered altar of Uskayaw.
  6535 | D:6      | Found the Hermit's Pendant {Faith Invo=14 Evo=0 MP+5}
  6853 | D:6      | Reached skill level 5 in Air Magic
  7190 | D:7      | Gained mutation: You are mostly covered in rugged brown
                  | scales. (AC +2, +5% HP) [demonic ancestry]
  7190 | D:7      | Reached XP level 9. HP: 53/59 MP: 18/18
  7415 | D:7      | Found a sparkling altar of Nemelex Xobeh.
  7545 | D:7      | Found a shimmering blue altar of Sif Muna.
  8897 | D:8      | Reached * piety under Vehumet
  8897 | D:8      | Offered knowledge of Magic Dart by Vehumet.
  9152 | D:8      | Reached skill level 10 in Summonings
  9166 | D:8      | Reached XP level 10. HP: 39/66 MP: 6/21
  9312 | D:8      | Found a stormy altar of Qazlal.
  9663 | D:8      | Noticed a two-headed ogre
  9706 | D:8      | Killed a two-headed ogre
 10063 | D:9      | Learned a level 6 spell: Summon Cactus Giant
 10222 | D:9      | Reached ** piety under Vehumet
 10222 | D:9      | Offered knowledge of Freeze by Vehumet.
 10894 | D:10     | Entered Level 10 of the Dungeon
 11348 | D:10     | Found a shimmering altar of Xom.
 11494 | D:10     | Found a staircase to the Orcish Mines.
 11746 | D:10     | Offered knowledge of Ignite Poison by Vehumet.
 11751 | D:10     | Reached XP level 11. HP: 69/71 MP: 12/24
 11945 | D:10     | Reached *** piety under Vehumet
 12252 | D:11     | Noticed a centaur warrior
 12260 | D:11     | Killed a centaur warrior
 12581 | D:11     | Offered knowledge of Iskenderun's Mystic Blast by Vehumet.
 12724 | D:11     | Found a staircase to the Lair.
 12783 | D:11     | Reached skill level 10 in Spellcasting
 12852 | D:11     | Found an iron altar of Okawaru.
 13081 | D:11     | Noticed a centaur warrior
 13097 | D:11     | Killed a centaur warrior
 13407 | D:11     | Learned a level 5 spell: Summon Mana Viper
 13488 | Lair:1   | Entered Level 1 of the Lair of Beasts
 14348 | Lair:1   | Reached skill level 15 in Summonings
 14636 | Lair:1   | Reached skill level 5 in Hexes
 14636 | Lair:1   | Gained mutation: Your demonic aura sometimes causes spilled
                  | blood to erupt in flames. [demonic ancestry]
 14636 | Lair:1   | Reached XP level 12. HP: 77/77 MP: 16/26
 14801 | Lair:1   | Reached **** piety under Vehumet
 14915 | Lair:1   | Offered knowledge of Freezing Cloud by Vehumet.
 14933 | Lair:1   | Learned a level 5 spell: Freezing Cloud
 15339 | Lair:2   | Noticed a death yak
 15339 | Lair:2   | Noticed a death yak
 15339 | Lair:2   | Noticed a death yak
 15388 | Lair:2   | Noticed a boulder beetle
 15460 | Lair:2   | Reached skill level 1 in Ice Magic
 15632 | Lair:2   | Reached skill level 1 in Conjurations
 15672 | Lair:2   | Found a hole to the Spider Nest.
 15863 | Lair:2   | Reached skill level 2 in Ice Magic
 15970 | Lair:2   | Found a staircase to the Shoals.
 16101 | Lair:2   | Killed a boulder beetle
 16101 | Lair:2   | Reached ***** piety under Vehumet
 16164 | Lair:2   | Reached skill level 3 in Ice Magic
 16395 | Lair:2   | Noticed Fannar
 16411 | Lair:2   | Killed Fannar
 16486 | Lair:2   | Killed a death yak
 16489 | Lair:2   | Reached skill level 4 in Ice Magic
 16494 | Lair:2   | Killed a death yak
 16494 | Lair:2   | Offered knowledge of Lee's Rapid Deconstruction by Vehumet.
 16504 | Lair:2   | Killed a death yak
 16774 | Lair:2   | Noticed a five-headed hydra
 16781 | Lair:2   | Killed a five-headed hydra
 16782 | Lair:2   | Reached skill level 5 in Ice Magic
 17138 | Lair:2   | Noticed a four-headed hydra
 17147 | Lair:2   | Killed a four-headed hydra
 17771 | Lair:3   | Reached XP level 13. HP: 82/82 MP: 13/27
 17973 | Lair:3   | Reached skill level 6 in Ice Magic
 18142 | Lair:3   | Identified the +5 quarterstaff "Jaezanif" {antimagic, rF++
                  | Int+4}
 19858 | Lair:5   | Entered Level 5 of the Lair of Beasts
 19870 | Lair:5   | Noticed Rupert
 19873 | Lair:5   | Reached skill level 1 in Shields
 19877 | Lair:5   | Killed Rupert
 19878 | Lair:5   | Reached skill level 5 in Conjurations
 20251 | Lair:5   | Noticed Urug
 20276 | Lair:5   | Killed Urug
 20277 | Lair:5   | Reached skill level 7 in Ice Magic
 20522 | Lair:5   | Found a viscous altar of Jiyva.
 20525 | Lair:5   | Found a staircase to the Slime Pits.
 21914 | Orc:1    | Entered Level 1 of the Orcish Mines
 22595 | Orc:2    | Entered Level 2 of the Orcish Mines
 22759 | Orc:2    | Reached skill level 8 in Ice Magic
 22789 | Orc:2    | Offered knowledge of Sticky Flame by Vehumet.
 23533 | Orc:2    | Found a large runed translucent door.
 23533 | Orc:2    | Found a large runed translucent door.
 23534 | Orc:2    | Noticed sokol815's ghost (journeyman OpEE)
 24352 | Orc:1    | Found Eecaekil's Eclectic Emporium.
 24426 | Orc:1    | Bought a potion of experience for 650 gold pieces
 24426 | Orc:1    | Reached skill level 9 in Ice Magic
 24426 | Orc:1    | Gained mutation: You are mostly covered in sharp spines.
                  | [demonic ancestry]
 24426 | Orc:1    | Reached XP level 14. HP: 89/89 MP: 28/28
 24442 | Orc:1    | Found a burning altar of Makhleb.
 24763 | Orc:2    | Noticed Nessos
 25041 | Orc:2    | Killed Nessos
 25490 | Orc:2    | Offered knowledge of Conjure Ball Lightning by Vehumet.
 25637 | Orc:2    | Found Yrocuciv's Weapon Shoppe.
 25637 | Orc:2    | Found Iqybres's Antique Armour Emporium.
 25638 | Orc:2    | Found Forreog's Magic Scroll Emporium.
 25662 | Orc:2    | Found Hafikh's Jewellery Shoppe.
 25665 | Orc:2    | Bought an amulet of magic regeneration for 420 gold pieces
 25721 | Orc:2    | Found a staircase to the Elven Halls.
 26700 | D:12     | Gained mutation: You are completely covered in rugged brown
                  | scales. (AC +3, +7% HP) [demonic ancestry]
 26700 | D:12     | Reached XP level 15. HP: 89/96 MP: 12/29
 26912 | D:12     | Reached skill level 5 in Shields
 27197 | D:12     | Noticed Maurice
 27204 | D:12     | Killed Maurice
 27338 | D:12     | Noticed Azrael
 27350 | D:12     | Killed Azrael
 27351 | D:12     | Reached skill level 10 in Ice Magic
 28064 | D:13     | Found Liemof's Neck Hole.
 28170 | D:13     | Found Ziapusiysk's General Store.
 28199 | D:13     | Bought the ring "Coor" {rF+ AC+4 Int+3} for 788 gold pieces
 28234 | D:13     | Identified the +7 trident of Ru's Displeasure {heavy, rC+}
 29024 | D:13     | Reached skill level 11 in Ice Magic
 29068 | D:13     | Found a gate to the Vaults.
 29182 | D:13     | Found the +2 Maxwell's thermic engine {flame, freeze}
 29335 | D:14     | Offered knowledge of Eringya's Noxious Bog by Vehumet.
 29695 | D:14     | Found a frozen archway.
 29905 | IceCv    | Entered an ice cave
 29959 | IceCv    | Reached skill level 12 in Ice Magic
 29959 | IceCv    | Reached skill level 10 in Air Magic
 30886 | IceCv    | Gained mutation: Your demonic aura often causes spilled
                  | blood to erupt in flames. [demonic ancestry]
 30886 | IceCv    | Reached XP level 16. HP: 47/102 MP: 4/30
 31030 | IceCv    | Reached skill level 10 in Conjurations
 31110 | IceCv    | Reached skill level 13 in Ice Magic
 31197 | IceCv    | Offered knowledge of Irradiate by Vehumet.
 31414 | D:14     | Learned a level 7 spell: Ozocubu's Refrigeration
 31828 | D:15     | Entered Level 15 of the Dungeon
 31900 | D:15     | Reached skill level 14 in Ice Magic
 32043 | D:15     | Found a transporter.
 32048 | D:15     | Noticed Tolur's ghost (adept DEFE)
 32051 | D:15     | Identified the +0 great mace of Vutuiptiwu {freeze, rN+}
 32471 | D:15     | Found a staircase to the Depths.
 32701 | D:15     | Found a transporter.
 33087 | Spider:1 | Entered Level 1 of the Spider Nest
 33415 | Spider:1 | Got the Exposition on Kinetic Energy and the Evil Eye
 34208 | Spider:1 | Reached skill level 15 in Ice Magic
 34356 | Spider:2 | Offered knowledge of Lightning Bolt by Vehumet.
 34490 | Spider:2 | Reached skill level 1 in Fighting
 35799 | Spider:2 | Reached skill level 5 in Fighting
 35799 | Spider:2 | Reached skill level 5 in Dodging
 36118 | Spider:3 | Reached XP level 17. HP: 125/125 MP: 6/31
 36301 | Spider:3 | Offered knowledge of Ignition by Vehumet.
 36381 | Spider:3 | Found a transporter.
 36383 | Spider:3 | Found a transporter.
 36384 | Spider:3 | Noticed mandoloar's ghost (adept MiFi)
 36455 | Spider:3 | Noticed Gifaivo's ghost (journeyman DECj)
 36852 | Spider:4 | Entered Level 4 of the Spider Nest
 37683 | Spider:4 | Reached skill level 1 in Staves
 37683 | Spider:4 | Reached skill level 1 in Evocations
 38644 | Spider:4 | Reached skill level 5 in Evocations
 38802 | Spider:4 | Got a gossamer rune of Zot
 39060 | Shoals:1 | Entered Level 1 of the Shoals
 39247 | Shoals:1 | Reached skill level 5 in Staves
 40045 | Shoals:2 | Reached ****** piety under Vehumet
 40201 | Shoals:2 | Gained mutation: You have a tail ending in a sharp stinger.
                  | [demonic ancestry]
 40201 | Shoals:2 | Reached XP level 18. HP: 138/138 MP: 14/32
 40276 | Shoals:2 | Found Gugu's Armour Emporium.
 40713 | Shoals:2 | Offered knowledge of Shatter by Vehumet.
 40713 | Shoals:2 | Offered knowledge of Polar Vortex by Vehumet.
 40713 | Shoals:2 | Offered knowledge of Maxwell's Capacitive Coupling by
                  | Vehumet.
 40999 | Shoals:3 | Noticed Mara
 41036 | Shoals:3 | Identified the +1 robe of Orthodoxy {rElec}
 41039 | Shoals:3 | Noticed wormed's illusion
 41041 | Shoals:3 | Killed Mara
 41814 | Shoals:4 | Entered Level 4 of the Shoals
 42534 | Shoals:4 | Found Tothyrid's Assorted Antiques.
 42849 | Shoals:4 | Reached skill level 16 in Ice Magic
 42969 | Shoals:4 | Got a barnacled rune of Zot
 43085 | Shoals:4 | Got the Elucidation of Morbid Configuration
 43161 | Shoals:4 | Identified the +1 scale mail of the Vaults {Int+3}
 43211 | Shoals:4 | Learned a level 9 spell: Polar Vortex
 43423 | Vaults:1 | Entered Level 1 of the Vaults
 43894 | Vaults:1 | Gained mutation: Your demonic aura causes all spilled blood
                  | to erupt in flames. [demonic ancestry]
 43894 | Vaults:1 | Reached XP level 19. HP: 132/143 MP: 15/34
 44204 | Vaults:1 | Found Ulla's Armour Shop.
 44790 | Vaults:1 | Noticed Nikola
 45229 | Vaults:1 | Killed Nikola
 45797 | Vaults:2 | Found a staircase to the Crypt.
 45797 | Vaults:2 | Found an ancient bone altar of Kikubaaqudgha.
 45797 | Vaults:2 | Found a basalt altar of Yredelemnul.
 46170 | Vaults:2 | Reached skill level 17 in Ice Magic
 46500 | Vaults:2 | Reached skill level 10 in Evocations
 47403 | Vaults:3 | You fall into a shaft and drop 1 floor!
 47444 | Vaults:4 | Reached skill level 10 in Staves
 47563 | Vaults:4 | Gained mutation: You have a sharp stinger which inflicts
                  | weakening toxins. [demonic ancestry]
 47563 | Vaults:4 | Reached XP level 20. HP: 60/150 MP: 24/36
 47648 | Vaults:4 | Reached skill level 18 in Ice Magic
 48614 | Vaults:4 | Found Cuef's Antique Armour Shoppe.
 48622 | Vaults:4 | Bought a polished helmet for 323 gold pieces
 48622 | Vaults:4 | Identified the +0 helmet "Gautteash" {rN+ Will+} (You
                  | bought it in a shop on level 4 of the Vaults)
 49881 | Vaults:3 | Reached skill level 19 in Ice Magic
 49964 | Vaults:3 | Noticed Xtahua
 49976 | Vaults:3 | Killed Xtahua
 51083 | Vaults:3 | Reached XP level 21. HP: 157/157 MP: 26/37
 51721 | Vaults:3 | Identified the +14 plate armour of Lugonu's Anger {Rampage
                  | rF+ rC+}
 51722 | Vaults:3 | Found a runed translucent gate.
 51722 | Vaults:3 | Found a runed translucent gate.
 51722 | Vaults:3 | Found a runed translucent gate.
 51722 | Vaults:3 | Noticed Marixus's ghost (adept HOFi)
 51869 | Vaults:3 | Reached skill level 20 in Ice Magic
 52124 | Vaults:3 | Killed Marixus's ghost
 52688 | Elf:1    | Entered Level 1 of the Elven Halls
 52688 | Elf:1    | Found a runed translucent gate.
 52688 | Elf:1    | Found a runed translucent gate.
 52688 | Elf:1    | Found a runed translucent gate.
 52688 | Elf:1    | Found a runed translucent gate.
 52688 | Elf:1    | Found a runed translucent gate.
 52688 | Elf:1    | Found a runed translucent gate.
 52689 | Elf:1    | Found a runed translucent door.
 52720 | Elf:1    | Found a runed translucent door.
 52861 | Elf:1    | Found Jifobre's Assorted Antiques.
 53500 | Elf:1    | Found an ancient bone altar of Kikubaaqudgha.
 53938 | Elf:2    | Reached skill level 21 in Ice Magic
 54066 | Elf:2    | Identified the +2 leather armour "Putiqi" {rPois Will+++
                  | rCorr Int-4}
 54230 | Elf:2    | Found Pilidab's General Store.
 54367 | Elf:2    | Found a runed translucent gate.
 54369 | Elf:2    | Found a runed translucent gate.
 54373 | Elf:2    | Found a runed translucent gate.
 54822 | Elf:3    | Entered Level 3 of the Elven Halls
 54822 | Elf:3    | Noticed Asterion
 54827 | Elf:3    | Killed Asterion
 54921 | Elf:3    | Found Fecib's Magic Scroll Emporium.
 54923 | Elf:3    | Found Unipesch's Armour Shoppe.
 54925 | Elf:3    | Found Fekaoqye's Antique Weapon Emporium.
 54930 | Elf:3    | Bought a scroll of acquirement for 572 gold pieces
 54944 | Elf:3    | Acquired the +2 pair of slick slippers {slick, slippery,
                  | EV+5}
 54944 | Elf:3    | Found the +2 pair of slick slippers {slick, slippery, EV+5}
 54966 | Elf:3    | Reached skill level 22 in Ice Magic
 55045 | Elf:3    | Found the +10 morningstar "Eos" {elec, Halo rElec}
 55072 | Elf:3    | Identified the +4 hand axe of Maerruqa {pain, rC+ MP+9
                  | Str+3 Int-3}
 55093 | Elf:3    | Identified the ring "Myopid" {Drain Fly rN+ rCorr Int+3}
 55197 | Elf:3    | Identified the amulet "Kijirok" {Faith Fragile rPois SInv}
 55217 | Elf:3    | Identified the +1 leather armour of the Stars {Fly}
 55218 | Elf:3    | Identified the amulet "Kokungoo" {Reflect Will+ Int+3 SH+5}
 55230 | Elf:3    | Identified the +4 great mace of the Slime-mould {heavy, rF-
                  | rN+++ Int+7}
 55435 | Elf:3    | Gained mutation: You are completely covered in sharp
                  | spines. [demonic ancestry]
 55435 | Elf:3    | Reached XP level 22. HP: 163/163 MP: 21/38
 55585 | Elf:3    | Identified the +3 fire dragon scales "Dad Nush" {rPois rF++
                  | rC-}
 55674 | Elf:3    | Noticed Saint Roka
 56258 | Elf:3    | Killed Saint Roka
 56259 | Elf:3    | Reached skill level 23 in Ice Magic
 56908 | Depths:1 | Entered Level 1 of the Depths
 57013 | Depths:1 | Found a sacrificial altar of Ru.
 57216 | Depths:1 | Found a one-way gateway to a ziggurat.
 57280 | Depths:1 | Found Exzett's Assorted Antiques.
 57357 | Depths:1 | Bought a shiny buckler for 285 gold pieces
 57368 | Depths:1 | Found Deyn's Antique Armour Boutique.
 57483 | Depths:1 | Found a gateway to Hell.
 57823 | Depths:2 | Found a one-way gate to the infinite horrors of the Abyss.
 58008 | Depths:2 | Identified the +5 trident of Triumph {flame, rCorr}
 58342 | Depths:2 | Found a basalt altar of Yredelemnul.
 58453 | Depths:2 | Reached skill level 24 in Ice Magic
 58859 | Depths:2 | Found a one-way gate leading to the halls of Pandemonium.
 59212 | Depths:3 | Identified the ring "Ybbop" {Ice rElec rN++ rCorr Int-3}
 59212 | Depths:3 | Noticed Josephina
 59247 | Depths:3 | Killed Josephina
 60070 | Depths:3 | Noticed the Enchantress
 60079 | Depths:3 | Killed the Enchantress
 60252 | Depths:3 | Noticed Vv
 60285 | Depths:3 | Killed Vv
 60499 | Depths:3 | Reached skill level 25 in Ice Magic
 60603 | Depths:3 | Identified the +4 plate armour "Gicufa" {MP+9 Str+2 Int+4}
 60635 | Depths:3 | Gained mutation: Your hexes are more powerful. [demonic
                  | ancestry]
 60635 | Depths:3 | Reached XP level 23. HP: 149/170 MP: 36/39
 60878 | Depths:3 | Found Ecweuts's Book Emporium.
 60878 | Depths:3 | Found Pulaloot's Jewellery Shop.
 60880 | Depths:3 | Found Nezest's Jewellery Shop.
 60894 | Depths:3 | Bought the ring "Puoneubbo" {Fire rElec Will+ Stlth+} for
                  | 1185 gold pieces
 61315 | Depths:4 | Entered Level 4 of the Depths
 61643 | Depths:4 | Noticed a caustic shrike
 61647 | Depths:4 | Noticed a caustic shrike
 61649 | Depths:4 | Noticed a caustic shrike
 61649 | Depths:4 | Noticed a caustic shrike
 61653 | Depths:4 | Killed a caustic shrike
 61654 | Depths:4 | Killed a caustic shrike
 61656 | Depths:4 | Killed a caustic shrike
 61656 | Depths:4 | Killed a caustic shrike
 62022 | Depths:4 | Found a gate to the Realm of Zot.
 62503 | Depths:4 | Reached skill level 26 in Ice Magic
 63171 | Slime:1  | Entered Level 1 of the Pits of Slime
 63953 | Slime:3  | Gained mutation: You have hidden genetic defects. [a
                  | shining eye]
 64851 | Slime:5  | Entered Level 5 of the Pits of Slime
 64918 | Slime:5  | Noticed Dissolution
 64937 | Slime:5  | Killed Dissolution
 64938 | Slime:5  | Reached skill level 27 in Ice Magic
 64938 | Slime:5  | Reached skill level 1 in Armour
 64998 | Slime:5  | Noticed the Royal Jelly
 65012 | Slime:5  | Gained mutation: You are weak. (Str -2) [hidden defects]
 65018 | Slime:4  | Lost mutation: You have hidden genetic defects. [potion of
                  | mutation]
 65018 | Slime:4  | Lost mutation: You are weak. (Str -2) [potion of mutation]
 65018 | Slime:4  | Gained mutation: You have sharp toenails. [potion of
                  | mutation]
 65018 | Slime:4  | Lost mutation: You have sharp toenails. [potion of
                  | mutation]
 65106 | Slime:5  | Gained mutation: Potions are less effective at restoring
                  | your health. [a shining eye]
 65224 | Slime:5  | Killed the Royal Jelly
 65225 | Slime:5  | Gained mutation: Your melee attacks may debilitate your
                  | foes. [demonic ancestry]
 65225 | Slime:5  | Reached XP level 24. HP: 140/178 MP: 15/39
 65386 | Slime:5  | Got a slimy rune of Zot
 65387 | Slime:5  | Identified the ring of Untruth {Fly rElec rN+ Will- Dex+2}
 65405 | Slime:5  | Identified the ring of Samovamu {+Blink rCorr MP-9 Dex-2
                  | Stlth+}
 65417 | Slime:5  | Identified the ring of Untruth {rElec rCorr}
 65420 | Slime:5  | Identified the ring "Vatuj" {Fire rPois Str+6}
 65434 | Slime:5  | Identified the ring "Ytyat" {Wiz Dex+3 Slay+2}
 65442 | Slime:5  | Identified the +2 dire flail "Cufeodyheg" {heavy, Str+3}
 65456 | Slime:5  | Identified the ring of the Greedy {rPois MP+9 Int+2}
 65457 | Slime:5  | Identified the +4 scimitar of Muicki {antimagic, Str+4}
 65472 | Slime:5  | Identified the +7 whip of Gareosk {pain, *Rage *Noise rPois
                  | Dex+8}
 65813 | Slime:5  | Lost mutation: Potions are less effective at restoring your
                  | health. [potion of mutation]
 65813 | Slime:5  | Gained mutation: You are strong-willed. (Will+) [potion of
                  | mutation]
 65813 | Slime:5  | Gained mutation: You passively map a small area around you.
                  | [potion of mutation]
 65813 | Slime:5  | Gained mutation: You are robust. (+10% HP) [potion of
                  | mutation]
 66255 | Vaults:5 | Entered Level 5 of the Vaults
 66269 | Vaults:5 | Noticed Margery
 66272 | Vaults:5 | Identified the amulet of Attoror {Acrobat Str+5}
 66276 | Vaults:5 | Killed Margery
 66379 | Vaults:5 | Reached skill level 5 in Armour
 66870 | Vaults:5 | Reached skill level 10 in Fighting
 67045 | Vaults:5 | Got the Directory of Sciomancy
 67151 | Vaults:5 | Noticed an ancient lich
 67164 | Vaults:5 | Killed an ancient lich
 67165 | Vaults:5 | Reached skill level 10 in Dodging
 67295 | Vaults:5 | Identified the +3 ring mail of Jileich {Harm Str+2 Int+4}
 67298 | Vaults:5 | Identified the ring "Cagunguw" {Contam Int+4 Slay+4}
 67816 | Vaults:5 | Got a silver rune of Zot
 68329 | Vaults:5 | Identified the ring of Saighoan {*Slow Fly rCorr Int+5
                  | Dex-4}
 68353 | Vaults:5 | Noticed an ancient lich
 68374 | Vaults:5 | Killed an ancient lich
 68814 | Vaults:5 | Identified the ring "Zowodocia" {Ice Drain rElec MP+9}
 68824 | Vaults:5 | Reached skill level 10 in Armour
 68833 | Vaults:5 | Learned a level 8 spell: Infestation
 69175 | Vaults:2 | Reached skill level 1 in Necromancy
 69527 | Orc:2    | Killed sokol815's ghost
 69774 | D:15     | Killed Tolur's ghost
 69992 | Spider:3 | Reached skill level 5 in Necromancy
 69998 | Spider:3 | Killed Gifaivo's ghost
 70111 | Spider:3 | Killed mandoloar's ghost
 70200 | Spider:3 | Identified the +1 pair of gloves "Riowkanta" {Int+4 Stlth+}
 70494 | Crypt:1  | Entered Level 1 of the Crypt
 70634 | Crypt:1  | Found a magical portal.
 70643 | WizLab   | Entered Lehudib's Moon Base
 70701 | WizLab   | Found a transporter.
 70880 | WizLab   | Reached XP level 25. HP: 207/207 MP: 4/39
 71861 | WizLab   | Reached skill level 10 in Necromancy
 71924 | WizLab   | Found a transporter.
 72212 | WizLab   | Identified the ring of Rila {Will- rCorr Str+6 Int+6
                  | Slay+5}
 72218 | WizLab   | Identified the ring of the Commoners {Fly Will+ Slay+3}
 72232 | WizLab   | Got the Tome of the Hot Gestalt
 72257 | WizLab   | Got Lehudib's Directory of Clay and Wanderlust
 72524 | Crypt:1  | Found a basalt altar of Yredelemnul.
 72524 | Crypt:1  | Noticed Frederick
 72534 | Crypt:1  | Killed Frederick
 73407 | Crypt:2  | Reached skill level 15 in Necromancy
 73423 | Crypt:2  | Identified the +0 pair of gloves of the Gloaming {rCorr}
 74083 | Crypt:3  | Entered Level 3 of the Crypt
 74083 | Crypt:3  | Noticed a royal mummy
 74098 | Crypt:3  | Found a staircase to the Tomb.
 74112 | Crypt:3  | Noticed an ancient lich
 75051 | Depths:2 | Voluntarily entered the Abyss.
 75203 | Abyss:2  | Gained mutation: You occasionally lose the ability to drink
                  | potions when taking damage. [a neqoxec]
 75208 | Abyss:2  | Gained mutation: You occasionally shout uncontrollably at
                  | your foes. [a neqoxec]
 75211 | Abyss:2  | Gained mutation: Your body sometimes deteriorates upon
                  | taking damage. [a neqoxec]
 75215 | Abyss:3  | Found a shadowy altar of Dithmenos.
 75236 | Abyss:3  | Found a corrupted altar of Lugonu.
 75373 | Abyss:3  | Found a corrupted altar of Lugonu.
 75384 | Abyss:3  | Got an abyssal rune of Zot
 75449 | Depths:2 | Escaped the Abyss
 75521 | Zot:1    | Entered Level 1 of the Realm of Zot
 76743 | Zot:1    | Gained mutation: You are surrounded by an aura of silence.
                  | [demonic ancestry]
 76743 | Zot:1    | Reached XP level 26. HP: 206/215 MP: 21/39
 77814 | Zot:2    | Lost mutation: Your body sometimes deteriorates upon taking
                  | damage. [potion of mutation]
 77814 | Zot:2    | Lost mutation: You are strong-willed. (Will+) [potion of
                  | mutation]
 77814 | Zot:2    | Lost mutation: You are robust. (+10% HP) [potion of
                  | mutation]
 77814 | Zot:2    | Gained mutation: You sometimes lose your temper in combat.
                  | [potion of mutation]
 77814 | Zot:2    | Gained mutation: Your flesh is cold resistant. (rC+)
                  | [potion of mutation]
 77814 | Zot:2    | Lost mutation: You occasionally lose the ability to drink
                  | potions when taking damage. [potion of mutation]
 77814 | Zot:2    | Gained mutation: You have hidden genetic potential. [potion
                  | of mutation]
 77815 | Zot:2    | Lost mutation: You have hidden genetic potential. [potion
                  | of mutation]
 77815 | Zot:2    | Lost mutation: You occasionally shout uncontrollably at
                  | your foes. [potion of mutation]
 77815 | Zot:2    | Gained mutation: You have hidden genetic potential. [potion
                  | of mutation]
 77815 | Zot:2    | Gained mutation: You are strong-willed. (Will+) [potion of
                  | mutation]
 77816 | Zot:2    | Lost mutation: Your flesh is cold resistant. (rC+) [potion
                  | of mutation]
 77816 | Zot:2    | Lost mutation: You sometimes lose your temper in combat.
                  | [potion of mutation]
 77816 | Zot:2    | Gained mutation: You have a pair of small antennae on your
                  | head. [potion of mutation]
 78470 | Zot:2    | You fall into a shaft and drop 2 floors!
 80619 | Zot:2    | Found the +4 dragonskin cloak
 80619 | Zot:2    | Noticed Tiamat
 80868 | Zot:2    | Noticed Grunn
 80878 | Zot:2    | Killed Grunn
 81337 | Zot:2    | Killed Tiamat
 82059 | Zot:5    | Entered Level 5 of the Realm of Zot
 82166 | Zot:5    | Noticed an orb of fire
 82168 | Zot:5    | Noticed an orb of fire
 82170 | Zot:5    | Gained mutation: You occasionally lose the ability to read
                  | scrolls when taking damage. [an orb of fire]
 82175 | Zot:5    | Gained mutation: You possess an exceptional clarity of
                  | mind. [an orb of fire]
 82180 | Zot:5    | Gained mutation: You are weak. (Str -2) [an orb of fire]
 82186 | Zot:5    | HP: 1/196 [orb of fire/fireball (15)]
 82187 | Zot:5    | Killed an orb of fire
 82187 | Zot:5    | Killed from afar by an orb of fire

Illustrated notes

Levels and vault maps discovered:
D:1:      nicolae_arrival_kraken_aquarium_a, layout_basic, grunt_decor_cap
D:2:      layout_basic
D:3:      layout_loops_ring, mainiacjoe_overflow_alcove_1,
          dreamdust_ecumenical_altar_angels_and_demons, moated_statue,
          kennysheep_big_empty_room, st_stairs_14, minmay_misc_feat_five,
          uniq_grinder, uniq_crazy_yiuf_cottage
D:4:      layout_loops_ring, mainiacjoe_overflow_tiny_flanked,
          trog_hazing_becter, nicolae_overflow_hidden_temple,
          hangedman_decor_slide_cut, corexii_hall_statues_i, uniq_ijyb,
          uniq_eustachio, uniq_robin
D:5:      layout_basic, minmay_temple_entry_overgrown
D:6:      layout_loops_ring, nicolae_overflow_squiral
D:7:      layout_loops_ring, mainiacjoe_overflow_small_starburst,
          lemuel_round_altar, kennysheep_opposing_triangles
D:8:      minmay_clustersquares, layout_rooms, grunt_qazlal_sundering,
          chequers_serial_rivers_marsh
D:9:      layout_stronghold, kennysheep_little_box
D:10:     layout_basic, mainiacjoe_overflow_24_doors, david_orc_5
D:11:     layout_roguey, minmay_lair_entry_grove, okawaru_metal_pillars_3
D:12:     layout_grid_maze, hangedman_decor_push, ebering_dispersal_statue_hall,
          nicolae_figureground_sparkle, uniq_azrael, uniq_maurice
D:13:     layout_loops_ring, hangedman_vaults_entry_quadrant_bands,
          serial_shops, nicolae_diamond_shop, nicolae_shop_sticking_my_neck_out
D:14:     layout_roguey [special_room_mythical_zoo],
          portal_ice_cave_entry_ice_statue_two
D:15:     gammafunk_enter_depths_forms, layout_stronghold,
          minmay_stone_trees_small, gammafunk_ghost_smash
Temple:   jpeg_temple_clearing
Lair:1:   layout_cave_pods, special_room [special_room_bee], lemuel_fruit_tree,
          grunt_megastairs_5
Lair:2:   layout_cave_pods, minmay_shoals_entry_centaurs,
          nicolae_spider_entry_non_spiders, chequers_serial_rivers_small_b,
          chequers_serial_rivers_small_a, chequers_serial_rivers_room_a,
          uniq_fannar
Lair:3:   layout_hall_layers, beast_lair_carwin_6, serial_bayou_shore_a
Lair:4:   layout_gridlike
Lair:5:   wormcave, layout_cave_pods, minmay_slime_entry_oklob_enclosed,
          roderic_batcave, infiniplex_staircase_pool, uniq_rupert, uniq_urug
Shoals:1: layout_shoals
Shoals:2: layout_shoals, serial_shops, shop
Shoals:3: layout_shoals, uniq_mara
Shoals:4: shoals_end_grunt_ice, layout_shoals, serial_shops,
          nicolae_shop_advertising_works [nicolae_subvault_shop_adworks]
Spider:1: layout_chambers, drop_trap
Spider:2: layout_spider_delve, nicolae_spider_jagged_tunnels,
          hangedman_spider_tarantella_strand
Spider:3: layout_spider_delve, nzn_ghost_randoct, nicolae_spider_wall_of_niches
Spider:4: grunt_spider_rune_parallel, nicolae_spider_undead_wolf_pack
Slime:1:  layout_caves
Slime:2:  cheibrodos_slime_lost_civilization_10, layout_caves
Slime:3:  layout_caves
Slime:4:  cheibrodos_slime_lost_civilization_9, layout_caves
Slime:5:  uniq_dissolution
Orc:1:    layout_diamond_mine, hangedman_feature_mirror, nicolae_alphabet_shops
Orc:2:    st_orc_mages, layout_caves, basic_altar, ebering_ghost_disaster_area,
          hangedman_minor_magic, uniq_nessos
Elf:1:    nicolae_elf_arrival_dilemma, layout_geoelf_grid, basic_altar,
          serial_shops, shop, minmay_elf_crystal_hexagon
Elf:2:    elven_hall_of_blades_hangedman_original
          [nicolae_vaults_blade_armed_guards], layout_geoelf_diagonals,
          serial_shops, nicolae_shop_behind_doors, grunt_ministairs_4
Elf:3:    minmay_elf_hall_curves, layout_rooms, einodemon_crawler_minivault,
          minmay_shop_star, uniq_saint_roka, uniq_asterion
Vaults:1: v_pattern_1, ontoclasm_vaults_chip, hangedman_vaults_impose,
          ontoclasm_vaults_loading_screen, vaults_room_grunt_arrival_ludios,
          ontoclasm_vaults_chip, vaults_dpeg_emergency_exit,
          layout_vaults_omnigrid, serial_shops, shop_statue, uniq_nikola
Vaults:2: v_misc_8, ontoclasm_vaults_misaligned, minmay_crypt_entry_necro_gods,
          nicolae_vaults_network_quinsquares
          [nicolae_vaults_network_quincunx_subvault,
          nicolae_vaults_network_quincunx_subvault,
          nicolae_vaults_network_quincunx_subvault,
          nicolae_vaults_network_quincunx_subvault], v_alt_pattern_2, v_misc_23,
          vaults_standard_mumra_lines, v_alt_pattern_1, hangedman_vaults_nodes,
          v_pattern_5, layout_vaults_maze_bifur
Vaults:3: biasface_ghost_orc_armoury, nicolae_vaults_murderbox,
          nicolae_vaults_ring_of_whatevers, v_misc_8, v_misc_30,
          hangedman_vaults_restitches, nicolae_vaults_network_periphery,
          v_pattern_3, vaults_dpeg_ring, vaults_room_stairs_pillars,
          vaults_mumra_hex, layout_vaults_chaotic_city, uniq_xtahua
Vaults:4: st_more_cells, v_misc_22, hangedman_vaults_slither, v_alt_pattern_2,
          v_misc_26, v_misc_15, vaults_room_fours,
          ontoclasm_vaults_claustrophobia, v_misc_30, v_misc_16,
          hangedman_vaults_impose, v_misc_10, layout_vaults_ring, serial_shops,
          nicolae_shop_stone
Vaults:5: serial_shops, uniq_margery
Crypt:1:  layout_chaotic_city, mu_enter_wizlab_5, basic_altar, minivault_14,
          columned_hall_lemuel, st_stairs_6, minmay_strange_pillars,
          grunt_megastairs_3, uniq_frederick
Crypt:2:  layout_misc_corridors
Crypt:3:  david_glass_crypt, layout_gridlike, minmay_misc_feat_columns,
          uniq_khufu
Depths:1: layout_basic, enter_ziggurat_b, pf_hell_entry_tar_spiral,
          nicolae_ru_sacrificial_ziggurat, kennysheep_generic_room_4,
          minmay_shoptagon
Depths:2: dreamdust_under_siege, layout_gridlike, abyss_entry,
          kennysheep_cross_room, hell_entry, grunt_pan_entry_sceptre
Depths:3: grunt_house_of_mirrors, layout_gridlike,
          abyss_entry_small_statue_room, hangedman_coc_ice_floe,
          roderic_lattice_octagonal_star, infiniplex_staircase_9_rooms,
          minmay_shop_grove, uniq_josephina, uniq_enchantress, uniq_vv
Depths:4: grunt_zot_entry_tricorne, layout_long_grid, hellmouth_1,
          grunt_megastairs_4
Zot:1:    layout_basic, st_single_dragon_hoard_3, grunt_ministairs_7
Zot:2:    layout_onion_interference, uniq_tiamat, uniq_grunn
Zot:3:    layout_twisted_circle, lemuel_flame_loot_1
Zot:4:    layout_cathedral_of_symmetry, grunt_megastairs_1
Zot:5:    layout_misc_corridors

Skill      XL: |  1  2  3  4  5  6  7  8  9 10 11 12 13 14 15 16 17 18 19 20 21 22 23 24 25 26 |
---------------+-------------------------------------------------------------------------------+-----
Hexes          | 1 2 3 4 5 |  5.0
Spellcasting   | 3 4 6 7 9 10 11 12 | 12.0
Summonings     | 5 6 8 10 12 15 16 | 16.0
Air Magic      | 1 2 3 5 6 8 10 | 10.0
Ice Magic      | 5 9 12 15 16 17 19 22 25 27 | 27.0
Conjurations   | 4 6 7 9 10 | 10.0
Shields        | 4 5 |  5.0
Dodging        | 5 8 10 | 10.0
Fighting       | 5 8 10 | 10.0
Staves         | 5 8 10 11 12 | 12.0
Evocations     | 6 8 10 12 | 12.0
Armour         | 2 10 | 10.0
Necromancy     | 8 17 23 | 23.4
Stealth        | |  1.7

Action                   |  1- 3 |  4- 6 |  7- 9 | 10-12 | 13-15 | 16-18 | 19-21 | 22-24 | 25-27 || total
-------------------------+-------+-------+-------+-------+-------+-------+-------+-------+-------++-------
Melee: Unarmed           |     7 |       |       |       |       |       |       |       |       ||     7
       Mace              |    17 |    16 |   129 |    68 |       |       |       |       |       ||   230
       Tailslap          |       |       |    22 |    12 |    21 |    14 |    38 |    36 |    37 ||   180
       Punch             |       |       |     2 |     3 |       |       |       |       |       ||     5
       Staff             |       |       |       |    22 |   129 |    82 |   180 |   147 |   138 ||   698
 Cast: Summon Small Mamm |    40 |     4 |       |       |       |       |       |       |       ||    44
       Call Canine Famil |       |    16 |    23 |    18 |     4 |     1 |       |       |       ||    62
       Summon Guardian G |       |     2 |    22 |    15 |       |       |       |       |       ||    39
       Summon Lightning  |       |     2 |    19 |    40 |    69 |     9 |     3 |       |       ||   142
       Summon Cactus Gia |       |       |       |    54 |    97 |    78 |    26 |    69 |    17 ||   341
       Summon Mana Viper |       |       |       |    28 |    61 |    15 |       |       |     1 ||   105
       Freezing Cloud    |       |       |       |     1 |   137 |    76 |    15 |     3 |       ||   232
       Ozocubu's Refrige |       |       |       |       |       |   443 |   484 |   521 |   186 ||  1634
       Polar Vortex      |       |       |       |       |       |       |    48 |    63 |   122 ||   233
       Infestation       |       |       |       |       |       |       |       |       |     1 ||     1
Evoke: Wand              |       |       |     4 |       |       |     4 |       |       |       ||     8
  Use: Potion            |       |     1 |       |       |     3 |     9 |     5 |    12 |    18 ||    48
       Scroll            |       |       |    15 |    12 |     6 |     5 |     3 |     7 |     5 ||    53
 Stab: Sleeping          |     2 |       |       |       |       |     1 |       |       |       ||     3
       Distracted        |       |     2 |     2 |       |       |     1 |       |     1 |       ||     6
Armor: Robe              |     6 |     2 |    42 |    41 |    13 |       |       |       |       ||   104
       Troll leather arm |       |       |       |       |   126 |   118 |    64 |    37 |   231 ||   576
       Skin              |       |       |       |       |       |       |     4 |       |       ||     4
       Acid dragon scale |       |       |       |       |       |       |       |   101 |     6 ||   107
Dodge: Dodged            |    39 |    12 |    83 |    96 |   180 |   151 |   139 |   234 |   426 ||  1360
Block: Buckler           |       |       |       |       |    66 |    73 |    57 |    74 |   157 ||   427
       Reflection        |       |       |       |       |       |       |       |     9 |     1 ||    10

Table legend: (Time is in decaauts)
 A = Elapsed time spent in this place.
 B = Non-inter-level travel time spent in this place.
 C = Inter-level travel time spent in this place.
 D = Time resting spent in this place.
 E = Time spent auto-exploring this place.
 F = Levels seen in this place.
 G = Mean time per level.
                   A        B        C        D        E       F      G
               +--------+--------+--------+--------+--------+-----+--------+
         Total |  82600 |  72670 |   9930 |   1716 |  57101 |  61 | 1354.1 |
       Dungeon |  21175 |  17089 |   4086 |      0 |  13965 |  15 | 1411.7 |
        Temple |    107 |     91 |     16 |      0 |     60 |   1 |  107.0 |
          Lair |   8788 |   7671 |   1117 |    273 |   6625 |   5 | 1757.6 |
        Shoals |   4553 |   4386 |    167 |      0 |   3840 |   4 | 1138.2 |
   Spider Nest |   6286 |   5971 |    315 |    124 |   4738 |   4 | 1571.5 |
    Slime Pits |   2835 |   2449 |    386 |      5 |   2072 |   5 |  567.0 |
  Orcish Mines |   5004 |   4138 |    866 |    272 |   3140 |   2 | 2502.0 |
   Elven Halls |   3905 |   3767 |    138 |      0 |   3025 |   3 | 1301.7 |
        Vaults |  12643 |  11282 |   1361 |    453 |   8597 |   5 | 2528.6 |
         Crypt |   2040 |   1905 |    135 |      0 |   1162 |   3 |  680.0 |
        Depths |   6482 |   5565 |    917 |    404 |   4052 |   4 | 1620.5 |
           Zot |   5215 |   4794 |    421 |     41 |   3561 |   5 | 1043.0 |
         Abyss |    395 |    395 |      0 |      0 |    187 |   3 |  131.7 |
      Ice Cave |   1510 |   1510 |      0 |      0 |    885 |   1 | 1510.0 |
        Wizlab |   1655 |   1655 |      0 |    144 |   1191 |   1 | 1655.0 |
               +--------+--------+--------+--------+--------+-----+--------+

Top non-repeatable levels by time:
   Orc:2: 3508 daAuts
Vaults:4: 3044 daAuts
Vaults:3: 2816 daAuts
  Lair:2: 2495 daAuts
Vaults:1: 2480 daAuts
Vaults:5: 2339 daAuts
  Lair:5: 2166 daAuts
Spider:4: 2149 daAuts
    D:11: 2107 daAuts
Depths:2: 2096 daAuts
Vaults:2: 1963 daAuts
  Lair:1: 1955 daAuts
Depths:3: 1897 daAuts
    D:10: 1894 daAuts
   Elf:3: 1745 daAuts
